 Dungeon Crawl Stone Soup version 0.31-a0-1059-g83d41fd8b6 (webtiles) character file.

Game seed: 10177849203848172226

163 ChronoRanger the Shield-Bearer (level 5, -9/47 HPs)
             Began as a Minotaur Fighter on Nov 21, 2023.
             Was an Initiate of Okawaru.
             Mangled by a gnoll
             ... wielding a +0 halberd
              (10 damage)
             ... on level 3 of the Dungeon.
             The game lasted 00:03:44 (1978 turns).

ChronoRanger the Shield-Bearer (Minotaur Fighter)   Turns: 1978, Time: 00:03:45

Health: -9/47      AC:  9    Str: 23    XL:     5   Next: 20%
Magic:  4/4        EV:  8    Int:  5    God:    Okawaru [......]
Gold:   120        SH:  4    Dex:  9    Spells: 4/4 levels left

rFire   . . .        a - +0 trident
rCold   . . .        c - +0 buckler
rNeg    . . .        i - +0 chain mail
rPois   .            (helmet restricted)
rElec   .            (no cloak)
rCorr   .            (no gloves)
SInv    .            (no boots)
Will    .....        (no amulet) Stlth
                     (no ring)
HPRegen 0.27/turn    (no ring)
MPRegen 0.09/turn

%: no passive effects
@: no status effects
A: horns 2, retaliatory headbutt
a: Renounce Religion


You were on level 3 of the Dungeon.
You worshipped Okawaru.
Okawaru was noncommittal.
You visited 1 branch of the dungeon, and saw 3 of its levels.

You collected 120 gold pieces.

Inventory:

Hand Weapons
 a - a +0 trident (weapon)
Armour
 c - a +0 buckler (worn)
 i - a +0 chain mail (worn)
Scrolls
 d - 3 scrolls of identify {unknown}
 e - 2 scrolls of teleportation {unknown}
 f - a scroll of fear {unknown}
 g - a scroll of fog {unknown}
Potions
 b - a potion of mutation {unknown}
 h - a potion of degeneration {unknown}


   Skills:
 + Level 4.5 Fighting
 * Level 4.5 Polearms
 + Level 4.5 Armour
 + Level 4.5 Shields


You had 4 spell levels left.
You didn't know any spells.
Your spell library was empty.

Dungeon Overview and Level Annotations

Branches:
Dungeon (3/15)

Altars:
Okawaru


Innate Abilities, Weirdness & Mutations

You have a pair of horns on your head.
You reflexively headbutt those who attack you in melee.


Message History

You reach to attack!
You puncture the gnoll!
The gnoll is almost dead.
The gnoll hits you from afar with a +0 halberd!
The gnoll hits you from afar with a +0 spear.
You reach to attack!
You barely miss the gnoll.
The gnoll hits you from afar with a +0 halberd!
The gnoll closely misses you.
The gnoll hits you from afar with a +0 halberd!
* * * LOW HITPOINT WARNING * * *
The gnoll hits you from afar with a +0 halberd.
* * * LOW HITPOINT WARNING * * *
You are too injured to fight recklessly!
You hit the gnoll.
The gnoll is heavily wounded.
You block the gnoll's attack. The gnoll hits you but does no damage.
The gnoll attacks as it pursues you! You block the gnoll's attack.
You puncture the gnoll!
You kill the gnoll!
Okawaru accepts your kill. You block the gnoll's attack.
The gnoll attacks as it pursues you!
The gnoll hits you from afar with a +0 spear.
* * * LOW HITPOINT WARNING * * *
The gnoll attacks as it pursues you! The gnoll hits you but does no damage.
The gnoll attacks as it pursues you!
The gnoll hits you from afar with a +0 halberd.
* * * LOW HITPOINT WARNING * * *
You block the gnoll's attack. x2
You hit the gnoll.
You kill the gnoll!
Okawaru accepts your kill. The gnoll hits you with a +0 halberd!
* * * LOW HITPOINT WARNING * * *
The gnoll hits you from afar with a +0 halberd.
* * * LOW HITPOINT WARNING * * *
The gnoll hits you from afar with a +0 halberd.
* * * LOW HITPOINT WARNING * * *
The gnoll attacks as it pursues you!
The gnoll hits you from afar with a +0 halberd!
You die...

# #.# ##....# #.≈.≈≈≈§
..#####.##.# #.≈.≈...
###.....##.#### #.≈..._.
#.##...#....## #.≈.≈...
#.#..........###.≈§≈≈≈≈ #
###......†......##.≈.....
#.###...............#..§≈≈≈≈≈
.##.....##..g.........†........
...........)g.@......#.........
..........##.).##...###########
..........###########
..........# ..........#
.<........# ..........#
........)## .#......##


You could see 2 gnolls.

Vanquished Creatures
  An orc priest (D:3)
  5 gnolls
  An adder (D:2)
  2 worms (D:3)
  3 dart slugs
  6 orcs (D:3)
  6 ball pythons
  6 endoplasms
  A giant cockroach (D:2)
  4 hobgoblins
  6 kobolds
  A quokka (D:1)
  8 bats
  4 frilled lizards
  4 goblins
  6 rats
64 creatures vanquished.

Notes
Turn   | Place    | Note
-------+----------+-------------------------------------------
     0 | D:1      | ChronoRanger the Minotaur Fighter began the quest for the
                  | Orb.
     0 | D:1      | Reached XP level 1. HP: 19/19 MP: 0/0
   110 | D:1      | Reached XP level 2. HP: 27/27 MP: 1/1
   697 | D:1      | You fall into a shaft and drop 1 floor!
  1027 | D:2      | Reached XP level 3. HP: 15/33 MP: 2/2
  1183 | D:2      | Reached XP level 4. HP: 39/40 MP: 3/3
  1843 | D:3      | Reached XP level 5. HP: 47/47 MP: 4/4
  1882 | D:3      | Found an iron altar of Okawaru.
  1905 | D:3      | Became a worshipper of Warmaster Okawaru
  1977 | D:3      | HP: 2/47 [gnoll/+0 halberd (1)]
  1978 | D:3      | Mangled by a gnoll

Illustrated notes

Levels and vault maps discovered:
D:1:      dpeg_arrival_tiny_k, layout_basic, minivault_26
D:2:      layout_loops_ring
D:3:      layout_rooms, mainiacjoe_overflow_concentric_impassable

Skill      XL: |  1  2  3  4 |
---------------+-------------+-----
Polearms       | 3 4 |  4.5
Fighting       | 4 |  4.5
Shields        | 4 |  4.5
Armour         | 4 |  4.5

Action                     |  1- 3 |  4- 6 || total
---------------------------+-------+-------++-------
  Melee: Trident           |    70 |    82 ||   152
         Headbutt          |     2 |    11 ||    13
    Use: Potion            |     1 |       ||     1
 Armour: Scale mail        |    42 |    32 ||    74
         Chain mail        |       |    17 ||    17
  Dodge: Dodged            |    21 |    27 ||    48
  Block: Buckler           |    11 |    11 ||    22

Table legend: (Time is in decaauts)
 A = Elapsed time spent in this place.
 B = Non-inter-level travel time spent in this place.
 C = Inter-level travel time spent in this place.
 D = Time resting spent in this place.
 E = Time spent auto-exploring this place.
 F = Levels seen in this place.
 G = Mean time per level.
                   A        B        C        D        E       F      G
               +--------+--------+--------+--------+--------+-----+--------+
         Total |   2001 |   1976 |     25 |    106 |   1449 |   3 |  667.0 |
       Dungeon |   2001 |   1976 |     25 |    106 |   1449 |   3 |  667.0 |
               +--------+--------+--------+--------+--------+-----+--------+

Top non-repeatable levels by time:
     D:1: 950 daAuts
     D:2: 818 daAuts
     D:3: 232 daAuts
